 Dungeon Crawl Stone Soup version 0.19-a0-26-gae82a2b (console) character file.

347 Kenran the Cleaver (level 6, -5/51 HPs)
             Began as a Hill Orc Fighter on May 1, 2016.
             Slain by an ogre
             ... wielding a +0 giant club
              (6 damage)
             ... on level 4 of the Dungeon.
             The game lasted 00:07:52 (2546 turns).

Kenran the Cleaver (Hill Orc Fighter)               Turns: 2546, Time: 00:07:53

Health: -5/51      AC:  6    Str: 21    XL:     6   Next: 59%
Magic:  6/6        EV:  7    Int:  8    God:
Gold:   210        SH:  9    Dex: 10    Spells: 0 memorised, 5 levels left

rFire  . . .     SeeInvis .     a - +0 war axe
rCold  . . .     Gourm    .     b - +0 scale mail
rNeg   . . .     Faith    .     c - +0 shield
rPois  .         Spirit   .     (no helmet)
rElec  .         Dismiss  .     (no cloak)
rCorr  .         Reflect  .     (no gloves)
SustAt .         Harm     .     (no boots)
MR     .....                    (no amulet)
Stlth  ..........               (no ring)
                                (no ring)

@: not resistant to hostile enchantments, extremely unstealthy
A: no striking features
a: no special abilities


You were on level 4 of the Dungeon.
You were very hungry.

You visited 1 branch of the dungeon, and saw 4 of its levels.

You collected 210 gold pieces.

Inventory:

Hand Weapons
 a - a +0 war axe (weapon)
Armour
 b - a +0 scale mail (worn)
 c - a +0 shield (worn)
Jewellery
 n - an uncursed ring of positive energy {unknown}
 o - an uncursed ring of sustain attributes {unknown}
Scrolls
 e - a scroll of immolation {unknown}
 g - a scroll of blinking {unknown}
 i - a scroll of enchant weapon {unknown}
 j - a scroll of magic mapping {unknown}
 k - 2 scrolls of identify {unknown}
 l - a scroll of teleportation {unknown}
Potions
 d - a potion of might
 h - 5 potions of curing {unknown}
 p - a potion of cure mutation {unknown}
Comestibles
 f - a bread ration
 m - a meat ration


   Skills:
 - Level 3.6 Fighting
 + Level 9.0 Axes
 - Level 3.2 Armour
 - Level 3.2 Shields


You had 5 spell levels left.
You didn't know any spells.

Dungeon Overview and Level Annotations

Branches:
Dungeon (4/15)
 Temple: D:4-7

Altars:
Dithmenos


Message History

You barely miss the jackal.
The jackal bites you but does no damage.
You completely miss the ogre.
The ogre is moderately wounded.
You slash the jackal!
You kill the jackal!
The ogre closely misses you. You block the jackal's attack.
You hit the ogre.
The ogre is heavily wounded.
You hit the jackal but do no damage.
The jackal bites you but does no damage.
The ogre hits you with a giant club!
* * * LOW HITPOINT WARNING * * *
Unknown command.
You barely miss the ogre.
The ogre is heavily wounded.
You slash the jackal!
You kill the jackal!
The ogre hits you with a giant club.
You die...

###.# #........#
#.# #.####.###
#. #.# #.# #.#
### #.###.#
..###....#
#.#.##..##
#O###.#.##
#@##.###.#######
#†#.## ##>.....#
#.##.###.###.#.#
#.###.#.## ..#
##.## ### ###


You could see an ogre.

Vanquished Creatures
  The ghost of Shelf the Insei, an amateur OpTm (D:3)
  A worker ant (D:4)
  6 adders
  A howler monkey skeleton (D:4)
  An ooze (D:4)
  A worm (D:2)
  3 dart slugs
  2 giant geckos (D:2)
  An orc (D:3)
  8 bats
  5 giant cockroaches
  3 goblins
  9 hobgoblins
  14 jackals
  4 kobolds
  A quokka (D:2)
  3 ball pythons
  4 giant newts
  6 rats
  2 toadstools (D:1)
76 creatures vanquished.

Vanquished Creatures (others)
  2 toadstools (D:1)
2 creatures vanquished.

Grand Total: 78 creatures vanquished

Notes
Turn   | Place    | Note
--------------------------------------------------------------
     0 | D:1      | Kenran the Hill Orc Fighter began the quest for the Orb.
     0 | D:1      | Reached XP level 1. HP: 19/19 MP: 1/1
    13 | D:1      | Reached skill level 3 in Axes
    61 | D:1      | Reached XP level 2. HP: 26/26 MP: 2/2
   274 | D:1      | Reached skill level 4 in Axes
   555 | D:1      | Reached XP level 3. HP: 31/31 MP: 3/3
   929 | D:2      | Found a shadowy altar of Dithmenos.
   936 | D:2      | Reached skill level 5 in Axes
   982 | D:2      | Reached XP level 4. HP: 26/39 MP: 4/4
  1705 | D:2      | Reached skill level 6 in Axes
  1943 | D:3      | Found a faded altar to an unknown god.
  2014 | D:3      | Noticed Shelf's ghost (amateur OpTm)
  2030 | D:3      | Killed Shelf's ghost
  2030 | D:3      | Reached skill level 8 in Axes
  2030 | D:3      | Reached XP level 5. HP: 36/45 MP: 5/5
  2030 | D:3      | Reached XP level 6. HP: 41/51 MP: 6/6
  2501 | D:4      | Reached skill level 9 in Axes
  2545 | D:4      | HP: 1/51 [ogre/giant club (16)]
  2546 | D:4      | Slain by an ogre

Vault maps used:
D:1:      ldierk_water_garden
D:2:      grunt_ministairs_7, serial_bayou_ford_a,
          nicolae_dithmenos_shadow_blocks
D:3:      ecumenical_altar_1

Skill      XL: |  1  2  3  4  5  6 |
---------------+-------------------+-----
Axes           | 3 4 5 8 9 |  9.0
Fighting       | |  3.6
Armour         | |  3.2
Shields        | |  3.2

Action                   |  1- 3 |  4- 6 || total
-------------------------+-------+-------++-------
Melee: War axe           |    92 |   129 ||   221
  Eat: Chunk             |       |     2 ||     2
       Fruit             |       |     1 ||     1
       Beef jerky        |       |     1 ||     1
Armor: Scale mail        |    52 |    83 ||   135
Dodge: Dodged            |    28 |    56 ||    84
Block: Shield            |    47 |    78 ||   125
